 Dungeon Crawl Stone Soup version 0.30.0-15-g856e2d3f33 (webtiles) character file.

Game seed: 11323345331806572179

168 qw the Chopper (level 5, 0/32 HPs)
             Began as a Gargoyle Fighter on May 19, 2023.
             Killed from afar by an orc wizard (1 damage)
             ... with a puff of flame
             ... on level 3 of the Dungeon.
             The game lasted 00:00:56 (1404 turns).

qw the Chopper (Gargoyle Fighter)                   Turns: 1404, Time: 00:00:57

Health: 0/32       AC: 10    Str: 21    XL:     5   Next: 49%
Magic:  5/5        EV:  9    Int:  9    God:
Gold:   34         SH:  4    Dex:  9    Spells: 4/4 levels left

rFire   . . .        Y - +0 war axe
rCold   . . .        c - +0 buckler
rNeg    + . .        b - +0 scale mail
rPois   inf          (no helmet)
rElec   +            (no cloak)
rCorr   .            (no gloves)
SInv    .            (no boots)
Will    .....        (no amulet) Stlth
                     (no ring)
HPRegen 0.25/turn    (no ring)
MPRegen 0.09/turn

%: no passive effects
@: no status effects
A: sickness immunity, AC +4, negative energy resistance 1, electricity
resistance, torment resistance 1, petrification resistance
a: no special abilities


You were on level 3 of the Dungeon.
You visited 1 branch of the dungeon, and saw 4 of its levels.

You collected 34 gold pieces.


Innate Abilities, Weirdness & Mutations

You are immune to sickness and miasma.
Your stone body is resilient. (AC +4)
You are immune to poison.
You resist negative energy. (rN+)
You are resistant to electric shocks. (rElec)
You are resistant to unholy torment.
You are immune to petrification.


   Skills:
 + Level 3.4 Fighting
 - Level 5.0 Axes
 - Level 3.2 Armour
 - Level 3.2 Shields


You had 4 spell levels left.
You didn't know any spells.
Your spell library was empty.

Inventory:

Hand Weapons
 f - a +0 flail
 Y - a +0 war axe (weapon)
Armour
 b - a +0 scale mail (worn)
 c - a +0 buckler (worn)
Scrolls
 a - a scroll of identify
 h - a scroll of immolation {unknown}
Potions
 d - 2 potions of might
 e - a potion of degeneration {unknown}
 g - a potion of brilliance {unknown}
 i - a potion of curing {unknown}

Dungeon Overview and Level Annotations

Branches:
Dungeon (4/15)
 Temple: D:4-7

Altars:

Shops:
D:1 =


Message History

The orc throws a stone.
The stone hits you but does no damage.
Something hits you but does no damage. x2
Something hits you. x2
You hear some strange, mumbled words.
Something tries to affect you, but you resist.
The orc throws a stone.
The stone hits you. Something hits you.
Something hits you but does no damage. x2
The orc barely misses you. Something hits you but does no damage.
Something completely misses you. The orc hits you but does no damage.
Something hits you but does no damage.
You hear some strange, mumbled words.
A magic dart appears from out of thin air!
The magic dart hits you but does no damage.
Something hits you. The orc hits you with a +0 mace. Something hits you.
The orc completely misses you. Something hits you. x2
The orc barely misses you.
Something hits you but does no damage. x2
You feel less confused. The orc hits you but does no damage.
Something hits you. Something hits you but does no damage.
You barely miss the orc. You miss something. x2
A bat comes into view.
Something hits you but does no damage. Something hits you.
The orc barely misses you.
You closely miss the orc. You hit something but do no damage.
You closely miss something. The orc completely misses you. Something hits you.
Something hits you but does no damage.
You hit the orc but do no damage. You barely miss something. x2
The bat hits you. The orc hits you with a +0 mace.
Something hits you but does no damage. x2
You slash the orc!
You kill the orc!
You barely miss something. You slash the bat!
You kill the bat!
You miss something. You block something's attack. Something hits you. x2
You hear some strange, mumbled words.
A puff of flame appears from out of thin air!
The puff of flame hits you.
You die...

####. #.....##
.....##.###..#
###...####.###
#.....%..#...###
....##...%.###...###
.[. #.....#
###...###
.#.###.....#
###...###
#....$)..$# ###..[.
#####{@...#
####..... #){...#
##....#### .......#
#..####
.....########.##
...)... #......#
....... ###.####
#.....# #...###
#..... ###...####
###....####


There were no monsters in sight!

Vanquished Creatures
  A phantom (D:4)
  A hound (D:4)
  2 dart slugs
  4 orcs
  5 ball pythons
  6 bats
  6 endoplasms
  A giant cockroach (D:1)
  2 hobgoblins (D:1)
  5 jackals
  6 kobolds
  2 quokkas (D:1)
  2 frilled lizards (D:1)
  4 goblins (D:1)
  4 rats (D:1)
51 creatures vanquished.

Notes
Turn   | Place    | Note
-------+----------+-------------------------------------------
     0 | D:1      | qw the Gargoyle Fighter began the quest for the Orb.
     0 | D:1      | Reached XP level 1. HP: 14/14 MP: 1/1
     0 | D:1      | 0 ||| qw: Version: 0.2-a-96-g8eb1148
     0 | D:1      | 0 ||| qw: Game counter: 15
     0 | D:1      | 0 ||| qw: Always use a shield: true
     0 | D:1      | 0 ||| qw: God list: Okawaru
     0 | D:1      | 0 ||| qw: Allow faded altars: false
     0 | D:1      | 0 ||| qw: Do Orc after D:15 true
     0 | D:1      | 0 ||| qw: Do second Lair branch before Depths: true
     0 | D:1      | 0 ||| qw: Lair rune preference: random
     0 | D:1      | 0 ||| qw: Plans: Normal, Zot:1-4, God:TSO, Crypt, Tomb,
                  | Pan, Slime:5, Hells, Abyss, Win
     0 | D:1      | 0 ||| PLANNING D:1-11
    47 | D:1      | 47 ||| Stepping ~*~*~tactically~*~*~ (stealth).
    48 | D:1      | 48 ||| Stepping ~*~*~tactically~*~*~ (stealth).
    49 | D:1      | 49 ||| Stepping ~*~*~tactically~*~*~ (stealth).
    53 | D:1      | Reached skill level 2 in Axes
    73 | D:1      | Found Orimub's Jewellery Shoppe.
    82 | D:1      | 82 ||| SHOPLISTING +4 ring of slaying (1092 gold, have 16).
    82 | D:1      | 82 ||| SHOPLISTING +5 ring of evasion (504 gold, have 16).
    82 | D:1      | 82 ||| SHOPLISTING amulet of regeneration (420 gold, have
                  | 16).
    82 | D:1      | 82 ||| SHOPLISTING ring of protection from cold (350 gold,
                  | have 16).
    82 | D:1      | 82 ||| SHOPLISTING ring of resist corrosion (280 gold, have
                  | 16).
    82 | D:1      | 82 ||| SHOPLISTING ring of see invisible (210 gold, have
                  | 16).
    96 | D:1      | 96 ||| Stepping ~*~*~tactically~*~*~ (stealth).
   107 | D:1      | Reached XP level 2. HP: 19/19 MP: 2/2
   368 | D:1      | Reached skill level 3 in Axes
   488 | D:1      | Reached XP level 3. HP: 23/23 MP: 3/3
   603 | D:1      | 603 ||| Stepping ~*~*~tactically~*~*~ (stealth).
   866 | D:1      | 866 ||| READING 2 scrolls labelled XATEIQUXAX.
   867 | D:1      | 867 ||| READING scroll labelled KUISAM TUFO JIUMI.
   887 | D:2      | 887 ||| STAIRDANCE
   936 | D:2      | 936 ||| DROPPING +0 club.
  1020 | D:2      | You fall into a shaft and drop 2 floors!
  1022 | D:4      | 1022 ||| DROPPING +3 mace.
  1032 | D:4      | Noticed a phantom
  1051 | D:4      | HP: 4/23 [orc/+0 trident (3)]
  1052 | D:4      | Killed a phantom
  1053 | D:4      | Reached skill level 4 in Axes
  1053 | D:4      | Reached XP level 4. HP: 5/28 MP: 4/4
  1053 | D:4      | Reached XP level 5. HP: 6/32 MP: 5/5
  1257 | D:4      | 1257 ||| Stepping ~*~*~tactically~*~*~ (hiding).
  1284 | D:4      | 1284 ||| READING scroll labelled WIBIGETH FUEPI.
  1285 | D:4      | 1285 ||| READING 2 scrolls labelled XYFFAD FAERAET.
  1286 | D:4      | 1286 ||| DROPPING scroll of fear.
  1321 | D:3      | Reached skill level 5 in Axes
  1402 | D:3      | HP: 8/32 [something (3)]
  1404 | D:3      | HP: 1/32 [something (3)]
  1404 | D:3      | Killed from afar by an orc wizard

Levels and vault maps discovered:
D:1:      tarquinn_simple_flora_water_e, layout_loops_corners, serial_shops,
          shop
D:2:      layout_basic, uniq_robin, uniq_jessica
D:3:      layout_rooms
D:4:      corexii_shack_village, layout_cave_pools,
          amcnicky_mini_rare_corridor_liquid

Skill      XL: |  1  2  3  4  5 |
---------------+----------------+-----
Axes           | 2 3 4 5 |  5.0
Fighting       | |  3.4
Armour         | |  3.2
Shields        | |  3.2

Action                     |  1- 3 |  4- 6 || total
---------------------------+-------+-------++-------
  Melee: War axe           |   109 |    51 ||   160
    Use: Scroll            |     2 |     2 ||     4
 Armour: Scale mail        |    59 |    38 ||    97
  Dodge: Dodged            |    54 |    37 ||    91
  Block: Buckler           |    16 |    11 ||    27

Table legend:
 A = Non-vault XP
 B = Vault XP
 C = Vault XP percentage of total XP
 D = Non-vault monster count
 E = Vault monster count
 F = Vault count percentage of total count
                 A         B        C        D         E       F
            +---------+---------+-------+---------+---------+-------
      Total |     243 |       3 |   1.2 |      50 |       1 |   2.0
            +---------+---------+-------+---------+---------+-------
        D:1 |      57 |       0 |   0.0 |      33 |       0 |   0.0
        D:3 |      20 |       0 |   0.0 |       9 |       0 |   0.0
        D:4 |     166 |       3 |   1.8 |       8 |       1 |  11.1
            +---------+---------+-------+---------+---------+-------
